[Event "*** Titled Tuesday 3|2 Blitz"]
[Site "Chess.com"]
[Date "2016.03.01"]
[Round "6"]
[White "Blitzstream"]
[Black "Tesla17"]
[Result "0-1"]
[WhiteElo "2452"]
[BlackElo "2300"]
[TimeControl "180+2"]
[EndTime "12:47:29 PST"]
[Termination "Tesla17 won by checkmate"]

1. d4 c5 2. c3 Nf6 3. Nf3 b6 4. Bf4 Bb7 5. e3 e6 6. Nbd2 a6 7. Bd3 d5 8. Ne5 Nbd7 9. Ndf3 Be7 10. h3 O-O 11. O-O Ne4 12. Nxd7 Qxd7 13. Ne5 Qd8 14. f3 Nd6 15. Bh2 Rc8 16. Rc1 b5 17. Bb1 Nc4 18. Qd3 g6 19. b3 Na3 20. Ng4 h5 21. Ne5 Nxb1 22. Rxb1 Kg7 23. g4 hxg4 24. fxg4 Qe8 25.
Rxf7+ Qxf7 26. Nxf7 Rxf7 27. Be5+ Kh7 28. Rf1 Rcf8 29.
Rxf7+ Rxf7 30. Kg2 Bh4 31. Bg3 Be7 32. h4 Kg7 33. h5 gxh5 34. gxh5 Kg8 35. Be5 Rf5 36. h6 Kh7 37. Bg7 Bc6 38. a4 c4 39. Qb1 cxb3 40. Qxb3 Be8 41. axb5 Bxb5 42. e4 Rg5+ 43. Kf2 Rh5 44. exd5 Rf5+ 45. Kg1 exd5 46. Qb1 Bd7 47. Qb8 Rg5+ 48. Kf2 Rf5+ 49. Kg2 Rg5+ 50. Kf3 Rf5+ 51. Ke2 Bb5+ 52. Kd2 Bg5+ 53. Ke1 Bh4+ 54. Kd2 Bg5+ 55. Ke1 Bh4+ 56. Kd2 Bg5+ 57. Ke1 Rf1# 0-1

[Event "*** Titled Tuesday 3|2 Blitz"]
[Site "Chess.com"]
[Date "2016.03.01"]
[Round "6"]
[White "Danirod"]
[Black "Mornar1951"]
[Result "0-1"]
[WhiteElo "2409"]
[BlackElo "2594"]
[TimeControl "180+2"]
[EndTime "12:47:32 PST"]
[Termination "Mornar1951 won by resignation"]

1. e4 c5 2. Nf3 e6 3. c3 d5 4. exd5 Qxd5 5. d4 Nf6 6. Na3 Nc6 7. Bc4 Qd8 8. Nc2 cxd4 9. Ncxd4 Nxd4 10. Qxd4 Qxd4 11.
Nxd4 a6 12. O-O Bc5 13. Nb3 Ba7 14. Re1 O-O 15. Be3 Bxe3 16. Rxe3 Rd8 17. a4 Bd7 18. Na5 Rab8 19. Rd3 b6 20. Nb3 b5 21. axb5 axb5 22. Rxd7 Nxd7 23. Be2 Ne5 24. Nd4 b4 25. f4 bxc3 26.
bxc3 Ng6 27. Nc6 Nxf4 28. Bf3 Kf8 29. g3 Nh3+ 30. Kg2 Ng5 31. Nxd8 Rb2+ 32. Kf1 Nxf3 33. Ra7 Nxh2+ 34. Kg1 Nf3+ 35. Kf1 Ne5 36. Ra5 Nd7 37. Nc6 g6 38. Ra7 Rb6 39. Nd4 Ne5 40. Ra8+ Kg7 41.
Ra7 Nc6 42. Rc7 Nxd4 43. cxd4 Rb3 44. Kf2 h5 45. Rc5 Rd3 46. Rc4 Kf6 47. Ra4 Kf5 48. Rb4 Ke4 49. Rb7 Rf3+ 50. Kg2 Rf5 51. Rb4 Ke3 52. Ra4 g5 53. Kh3 Ke4 54. Rb4 Rf2 55.
d5+ Kf5 56. g4+ hxg4+ 57. Kg3 Rf3+ 58. Kg2 exd5 59. Rb7 f6 60. Rd7 Rd3 61. Rd8 Kf4 62. Rf8 Rd2+ 63. Kf1 f5 64. Rd8 Kf3 0-1

[Event "*** Titled Tuesday 3|2 Blitz"]
[Site "Chess.com"]
[Date "2016.03.01"]
[Round "6"]
[White "VerdeNotte"]
[Black "VSERGUEI"]
[Result "1-0"]
[WhiteElo "2554"]
[BlackElo "2458"]
[TimeControl "180+2"]
[EndTime "12:47:56 PST"]
[Termination "VerdeNotte won on time"]

1. g3 d5 2. Bg2 c5 3. c4 d4 4. b4 cxb4 5. a3 b3 6. Qxb3 Nc6 7. Nf3 Nf6 8. e3 e5 9. Qb5 a6 10. Qa4 Bd7 11. O-O Bc5 12. d3 dxe3 13. Bxe3 Bxe3 14. fxe3 e4 15. dxe4 Nxe4 16. Qc2 Nc5 17.
Nc3 O-O 18. Nd5 Re8 19. Rad1 h6 20. Nd4 Qa5 21. Rxf7 Kxf7 22. Rf1+ Kg8 23. Nf6+ gxf6 24. Qg6+ Kh8 25. Qxh6+ Kg8 26. Qg6+ Kh8 27. Qxf6+ Kg8 28.
Qg6+ Kh8 29. Qh6+ Kg8 30. Bd5+ Be6 31. Nxe6 Nxe6 32. Bxe6+ Rxe6 33. Qxe6+ Kh8 34. Qh6+ Kg8 35. Qg6+ Kh8 36. Rf5 Qe1+ 37. Kg2 Qd2+ 38. Kh3 Qd7 39. g4 Qg7 40. Rh5+ Kg8 41. Qe6+ Qf7 42. Rg5+ Kf8 43. Rf5 Nd8 44. Qd6+ Kg8 45. Rxf7 Nxf7 46.
Qd5 Re8 47. Qxb7 Rxe3+ 48. Kh4 Rxa3 49. Qb8+ Kh7 50. Qf8 Rf3 51. c5 Kg6 52. c6 Rc3 53. Qg8+ Kf6 54. g5+ Ke7 55. g6 Rc4+ 56. Kg3 Nd6 57. g7 Nf5+ 58. Kf2 Rc2+ 59. Ke1 Ne3 60.
Qf8+ Ke6 61. g8=Q+ 1-0

[Event "*** Titled Tuesday 3|2 Blitz"]
[Site "Chess.com"]
[Date "2016.03.01"]
[Round "6"]
[White "KNVB"]
[Black "BahadirOzen"]
[Result "1/2-1/2"]
[WhiteElo "2369"]
[BlackElo "2548"]
[TimeControl "180+2"]
[EndTime "12:51:30 PST"]
[Termination "Game drawn - insufficient material"]

1. d4 d5 2. c4 e6 3. Nc3 Nf6 4. cxd5 exd5 5. Bg5 Be7 6. e3 O-O 7. Bd3 Nbd7 8. Nge2 Re8 9. O-O c6 10. f3 Nf8 11. Bh4 Be6 12. Bf2 Rc8 13. Qd2 a6 14. h3 c5 15. Rac1 Ng6 16. Rfd1 b5 17. dxc5 Bxc5 18. Nd4 Qb6 19. Nce2 Ne5 20. b3 Nxd3 21. Qxd3 Bd7 22. Rc2 Ba3 23. Rdd2 Bb4 24. Rxc8 Rxc8 25.
Rc2 Rxc2 26. Nxc2 Be7 27. Nf4 Qc6 28. g4 h6 29. Kg2 Bd6 30. Nd4 Qc7 31. Bg3 Be5 32.
Nfe2 Bxg3 33. Nxg3 Qe5 34. Qc3 b4 35. Qd2 a5 36.
Nge2 g6 37. Nf4 Kg7 38. Nd3 Qe7 39. Nf4 Qe5 40. Nde2 Qa1 41. Qd4 Qxd4 42. Nxd4 Kf8 43. h4 g5 44. hxg5 hxg5 45. Nd3 Ke7 46. Kg3 Kd6 47. Ne1 Ne8 48. Kf2 Nc7 49. Nec2 Na6 50. Kg3 Nc5 51. a3 Nd3 52. axb4 axb4 53. f4 f6 54. fxg5 fxg5 55. Nf3 Nc5 56. Nxb4 Nxb3 57. Nxg5 Nd2 58. Nf3 Ne4+ 59. Kf4 Nf6 60. Nh2 Kc5 61. Nd3+ Kd6 62. Ne1 Kc5 63. Nc2 Kd6 64.
Nd4 Bc8 65. Ne2 Bd7 66. Ng3 Nh7 67. g5 Nf8 68. Ne2 Ne6+ 69. Kg3 Nxg5 70. Nd4 Ne4+ 71. Kf4 Nc5 72. Nhf3 Ne6+ 73. Nxe6 Bxe6 74. Nd4 Bd7 75. Kf3 Be8 76. Ke2 Ke5 77. Kd3 Bg6+ 78. Kd2 Be8 79.
Ke2 Bh5+ 80. Kd2 Ke4 81. Ne6 Be8 82. Nc5+ Ke5 83. Kc3 Bg6 84. Nb3 Ke4 85. Kd2 Ke5 86. Nd4 Bh7 87. Nf3+ Kd6 88. Kc3 Be4 89. Ng5 Ke5 90.
Nf7+ Kf6 91. Nd8 Ke7 92. Nc6+ Kd6 93. Na5 Bg6 94. Kd4 Bf7 95. Nb7+ Kc7 96. Nc5 Kd6 97.
Nd3 Bg6 98. Ne5 Be4 99. Nf7+ Ke7 100. Ng5 Bg2 101. Ke5 Kd7 102. Ne6 Kc6 103. Nf4 Bh1 104. Ne6 Bg2 105. Nf4 Bh1 106. Nd3 Bg2 107. Kd4 Kd6 108. Nf4 Bh1 109. Ng6 Be4 110. Nf4 Bh1 111. Ne2 Bf3 112.
Ng3 Bg2 113. Nf5+ Ke6 114. Ng3 Kd6 115. e4 dxe4 116. Nxe4+ Kc6 117. Nd2 Bh1 118. Ne4 Bxe4 1/2-1/2

[Event "*** Titled Tuesday 3|2 Blitz"]
[Site "Chess.com"]
[Date "2016.03.01"]
[Round "6"]
[White "Bentery"]
[Black "AdrianaNikolova"]
[Result "1/2-1/2"]
[WhiteElo "2304"]
[BlackElo "2144"]
[TimeControl "180+2"]
[EndTime "12:56:30 PST"]
[Termination "Game drawn by 50-move rule"]

1. Nf3 d5 2. g3 Nf6 3. Bg2 e6 4. c4 Be7 5. d4 O-O 6. Qc2 dxc4 7. Nbd2 Nc6 8. Qxc4 Nb4 9. a3 b5 10. Qb3 Nbd5 11.
Ne5 Bb7 12. Qxb5 Nb4 13. Bxb7 Nc2+ 14. Kd1 Nxa1 15. Nc6 Qd7 16. Nxe7+ Qxe7 17. Bxa8 Rxa8 18. b3 Nd5 19. Bb2 Qxa3 20. Bxa3 Nc3+ 21. Kc1 Nxb5 22.
Bb2 Nxb3+ 23. Nxb3 a5 24. Nc5 a4 25. Kc2 a3 26. Ba1 Kf8 27. Rb1 c6 28. Rb4 Ke7 29.
e3 f5 30. Nd3 Ra6 31. Rc4 Nd6 32. Nb4 Rb6 33. Nxc6+ Ke8 34. Ne5 Nxc4 35. Nxc4 Ra6 36.
Kb3 Kf7 37. Nxa3 Rb6+ 38. Kc2 Ra6 39. Bb2 Rc6+ 40. Kb3 Rb6+ 41. Kc2 Rc6+ 42. Bc3 g5 43. Kd3 h5 44. Nc4 Ra6 45. Ne5+ Ke7 46. f4 gxf4 47. exf4 Ra2 48. Nf3 Rf2 49. Ke3 Rc2 50. Bb4+ Kf6 51. Bd6 Rc3+ 52. Kf2 Rc2+ 53. Ke3 Rc3+ 54. Ke2 Rc2+ 55.
Kd3 Rb2 56. Be5+ Kg6 57. Nh4+ Kf7 58. Nf3 Rb3+ 59. Ke2 Rb2+ 60. Ke3 Rb3+ 61. Kf2 Rb2+ 62. Ke3 Rb3+ 63. Ke2 Rb2+ 64. Nd2 Ra2 65. Kd3 Ra3+ 66. Kc4 Ra2 67. Nf3 Rf2 68. Ng5+ Ke7 69. d5 exd5+ 70.
Kxd5 Rxh2 71. Bd6+ Kf6 72. Bc5 Rg2 73. Bd4+ Kg6 74.
Nf3 Rxg3 75. Nh4+ Kf7 76. Nxf5 Rf3 77. Ke4 Rf1 78. Ng3 Re1+ 79. Kf3 h4 80. Nf5 h3 81.
Kg3 Rd1 82. Kxh3 Ke6 83. Kg4 Rd2 84. Be5 Rg2+ 85. Ng3 Rf2 86. Bd4 Rd2 87. Be3 Rd3 88. Kf3 Ra3 89. Ke4 Kf7 90. Nf5 Ra4+ 91. Bd4 Ra1 92.
Ne3 Ra8 93. f5 Re8+ 94. Be5 Ra8 95. Nd5 Ra4+ 96. Bd4 Ra2 97. Nf4 Ra8 98. Ne6 Re8 99. Kd5 Ra8 100. Ng5+ Ke7 101. f6+ Kf8 102. Bc5+ Kg8 103. f7+ Kg7 104. f8=Q+ Rxf8 105. Ne6+ Kf7 106. Nxf8 Kf6 107. Ne6 Kf5 108. Bd4 Kg6 109. Ke4 Kf7 110. Kf5 Ke7 111. Ke5 Kd7 112. Kd5 Ke7 113. Nf4 Kd7 114. Bc5 Kc7 115. Ne6+ Kd7 116. Bd6 Kc8 117. Nc5 Kd8 118. Ke6 Kc8 119. Be5 Kd8 120. Kd6 Ke8 121. Nd7 Kf7 122. Bd4 Kg6 123. Ke6 Kg5 124. Nf6 Kf4 125. Be5+ Ke3 126. Kf5 Kd3 127. Kf4 Kc4 128. Ke4 Kc5 129. Nd5 Kc4 130. Bd4 Kb5 131. Kd3 Kc6 132. Kc4 Kd6 133. Ne3 Ke6 134. Kc5 Kf7 135. Kd6 Kg6 136. Ke6 Kg5 137. Be5 Kg6 138. Bf4 Kg7 139. Nf5+ Kg6 140. Ne7+ Kh5 141. Kf5 Kh4 142. Ke4 Kh3 143. Kf3 Kh4 144. Be3 Kh3 145. Bf2 Kh2 146. Nf5 Kh3 147. Be1 Kh2 148. Ng3 Kg1 149. Bf2+ Kh2 150. Be3 Kh3 151. Bg1 Kh4 152. Ne4 Kh5 153. Kf4 Kg6 154. Ng5 Kf6 155. Bd4+ Ke7 156. Ke5 Kd7 157. Ne6 Kc6 158. Bc5 Kd7 159. Kd5 Ke8 160. Ng5 Kd7 161. Bd6 Kd8 162. Kc6 Kc8 163. Bc5 Kd8 164. Bb4 Kc8 165. Ne6 Kb8 166. Nc7 Ka7 167. Bc5+ Kb8 168. Bd4 Kc8 169. Ba7 Kd8 170. Nd5 Ke8 171. Kd6 Kf7 172. Ne7 Kf6 173. Be3 Kf7 174. Kd7 Kf6 175. Bf4 Kf7 176. Nd5 Kg6 177. Ke6 Kh5 178. Kf5 Kh4 179. Ne3 Kh3 180. Be5 Kh4 181. Kf4 1/2-1/2

[Event "*** Titled Tuesday 3|2 Blitz"]
[Site "Chess.com"]
[Date "2016.03.01"]
[Round "7"]
[White "Alexander_Donchenko"]
[Black "jcibarra"]
[Result "0-1"]
[WhiteElo "2590"]
[BlackElo "2496"]
[TimeControl "180+2"]
[EndTime "13:00:44 PST"]
[Termination "jcibarra won by resignation"]

1. d4 Nf6 2. c4 d6 3. Nf3 g6 4.
g3 Bg7 5. Bg2 O-O 6. Nc3 Nc6 7.
O-O Bf5 8. d5 Na5 9. Nd2 c6 10. b4 Nxd5 11. cxd5 Bxc3 12. e4 Bxe4 13. Nxe4 Bxa1 14. bxa5 Bg7 15. Re1 Qxa5 16. dxc6 bxc6 17.
Ng5 e6 18. Bxc6 Rac8 19. Bg2 d5 20. a3 Qc3 21. Qg4 Qxe1+ 0-1

[Event "*** Titled Tuesday 3|2 Blitz"]
[Site "Chess.com"]
[Date "2016.03.01"]
[Round "7"]
[White "Abdodi"]
[Black "SabinoBrunello"]
[Result "0-1"]
[WhiteElo "1990"]
[BlackElo "2473"]
[TimeControl "180+2"]
[EndTime "13:00:53 PST"]
[Termination "SabinoBrunello won by checkmate"]

1. e4 e5 2. Nf3 Nc6 3. d4 exd4 4. Nxd4 Bc5 5. Be3 Qf6 6. c3 Nge7 7. Bc4 O-O 8. O-O Ne5 9. Be2 Qg6 10. Nf5 Nxf5 11.
Bxc5 Nh4 12. g3 d6 13. Bd4 Bh3 14. Re1 Qxe4 15. f3 Nhxf3+ 16. Bxf3 Nxf3+ 17. Kf2 Nxe1 18. Nd2 Nd3+ 19. Kg1 Qg2# 0-1

[Event "*** Titled Tuesday 3|2 Blitz"]
[Site "Chess.com"]
[Date "2016.03.01"]
[Round "7"]
[White "ftorodent"]
[Black "Tirantes"]
[Result "0-1"]
[WhiteElo "2284"]
[BlackElo "2225"]
[TimeControl "180+2"]
[EndTime "13:01:20 PST"]
[Termination "Tirantes won by resignation"]

1. d4 d5 2. c4 e6 3. Nf3 Nf6 4. Nc3 Be7 5. Bf4 O-O 6. e3 c5 7.
dxc5 Bxc5 8. Qc2 Nc6 9. a3 Qa5 10. Be2 Ne4 11. cxd5 Nxc3 12. bxc3 exd5 13. O-O Rd8 14.
Rfd1 g6 15. Nd4 Be7 16. Nb5 Bf5 17. Qb3 Rac8 18. Rxd5 Rxd5 19. Qxd5 a6 20. Nd4 Qxd5 0-1

[Event "*** Titled Tuesday 3|2 Blitz"]
[Site "Chess.com"]
[Date "2016.03.01"]
[Round "7"]
[White "Grootneus"]
[Black "kikydu96"]
[Result "0-1"]
[WhiteElo "2026"]
[BlackElo "2284"]
[TimeControl "180+2"]
[EndTime "13:01:20 PST"]
[Termination "kikydu96 won by resignation"]

1. e4 e5 2. Nf3 Nc6 3. Bb5 a6 4. Ba4 Nf6 5. d3 d6 6. c3 g6 7. O-O Bg7 8. Re1 O-O 9. d4 b5 10. Bc2 Bg4 11. d5 Na5 12. h3 Bd7 13. a4 c6 14. axb5 axb5 15. dxc6 Bxc6 16. b4 Nc4 17.
Rxa8 Qxa8 18. Nbd2 Nxd2 19. Qxd2 Nxe4 20. Bxe4 Bxe4 21.
Ng5 Bxg2 22. Qxd6 Bh1 23. f3 Bxf3 24. Nxf3 Qxf3 25. Re3 Qf5 26. Qd5 Qg5+ 27. Kh1 Rd8 28. Re1 Qh4 0-1

[Event "*** Titled Tuesday 3|2 Blitz"]
[Site "Chess.com"]
[Date "2016.03.01"]
[Round "7"]
[White "maciek_92"]
[Black "spectralsoul"]
[Result "1-0"]
[WhiteElo "2427"]
[BlackElo "2566"]
[TimeControl "180+2"]
[EndTime "13:02:44 PST"]
[Termination "maciek_92 won by resignation"]

1. c4 c5 2. Nf3 Nf6 3. Nc3 Nc6 4.
g3 d5 5. cxd5 Nxd5 6. Bg2 Nc7 7.
O-O e5 8. d3 Rb8 9. Nd2 Be7 10.
Nc4 f6 11. a4 O-O 12. a5 Be6 13. a6 b5 14. Bxc6 bxc4 15. dxc4 Bxc4 16. Bb7 Kh8 17. Qa4 Be6 18. Rd1 Qe8 19. Qa5 Rc8 20. Be3 Na8 21. Bxc8 Qxc8 22. Nb5 Qb8 23. Rac1 Qb6 24.
Qxb6 axb6 25. b4 cxb4 26. Nc7 Bb3 27. Rd7 1-0

[Event "*** Titled Tuesday 3|2 Blitz"]
[Site "Chess.com"]
[Date "2016.03.01"]
[Round "7"]
[White "Jahonas"]
[Black "evgenyermolaev"]
[Result "0-1"]
[WhiteElo "2179"]
[BlackElo "2068"]
[TimeControl "180+2"]
[EndTime "13:02:48 PST"]
[Termination "evgenyermolaev won by resignation"]

1. d4 c5 2. dxc5 Na6 3. Nf3 Nxc5 4. e3 g6 5. Be2 Bg7 6. O-O Nf6 7. c4 O-O 8. Nc3 d6 9. Nd4 Ne6 10. b3 Nxd4 11. exd4 d5 12. Be3 Be6 13. Rc1 Rc8 14. Na4 b6 15. f3 Bd7 16. Nc3 Bc6 17. Qd2 Qd7 18. Rfd1 Rfd8 19. Bf2 Qb7 20. b4 dxc4 21. Bxc4 Bxf3 22. Bxf7+ Kxf7 23. gxf3 Qxf3 24. Nb5 Rxc1 25. Rxc1 Rd5 26. Nxa7 Ne4 27. Nc6 Nxd2 0-1

[Event "*** Titled Tuesday 3|2 Blitz"]
[Site "Chess.com"]
[Date "2016.03.01"]
[Round "7"]
[White "Boryboy"]
[Black "chessdude"]
[Result "1-0"]
[WhiteElo "2484"]
[BlackElo "2364"]
[TimeControl "180+2"]
[EndTime "13:03:02 PST"]
[Termination "Boryboy won by resignation"]

1. d4 Nf6 2. c4 e6 3. g3 d5 4. Nf3 Bb4+ 5. Bd2 Be7 6. Bg2 O-O 7. O-O Nbd7 8. Qc2 c6 9. Rd1 Ne4 10. Nc3 Nxd2 11. Nxd2 Nf6 12. e4 dxe4 13. Ndxe4 Nxe4 14. Nxe4 Qc7 15. Rab1 Bd7 16. Qc3 Rfd8 17. b4 Be8 18.
Nc5 b6 19. Nd3 Rac8 20. c5 Bf6 21. Ne5 b5 22. Re1 a5 23. a3 a4 24. Re2 g6 25.
Rbe1 Bg7 26. f4 Qe7 27. h4 h5 28.
Be4 f5 29. Bg2 Qc7 30. Kh2 Kh7 31. Nf3 Bf7 32. Ng5+ Kg8 33. Nxe6 Bxe6 34. Rxe6 Rxd4 35. Qf3 Qf7 36. Rxc6 Rxc6 37. Qxc6 Rd2 38. Kh3 Kh7 39. Qb7 Qa2 40. Re7 Qb2 41. c6 1-0

[Event "*** Titled Tuesday 3|2 Blitz"]
[Site "Chess.com"]
[Date "2016.03.01"]
[Round "7"]
[White "Rickstereo"]
[Black "GianmarcoVaR"]
[Result "0-1"]
[WhiteElo "2175"]
[BlackElo "2341"]
[TimeControl "180+2"]
[EndTime "13:03:40 PST"]
[Termination "GianmarcoVaR won by resignation"]

1. c4 e5 2. Nc3 Nf6 3. Nf3 Nc6 4. d4 exd4 5. Nxd4 Bc5 6. e3 O-O 7. Be2 h6 8. O-O Bxd4 9. exd4 d5 10. b3 dxc4 11. d5 Ne7 12. bxc4 c5 13. Be3 b6 14. Bf3 Nf5 15. Bf4 Ba6 16. Qd3 Nd4 17. Bd1 Nxd5 18.
Nxd5 Qxd5 19. cxd5 Bxd3 20. Re1 Rad8 21. d6 Nf5 22. Bb3 Nxd6 23. Rad1 Nf5 24. g4 Nh4 25. Re7 c4 26. Ba4 Rd4 0-1

[Event "*** Titled Tuesday 3|2 Blitz"]
[Site "Chess.com"]
[Date "2016.03.01"]
[Round "7"]
[White "DagurR"]
[Black "JustaTrickstar"]
[Result "1-0"]
[WhiteElo "2291"]
[BlackElo "2439"]
[TimeControl "180+2"]
[EndTime "13:03:41 PST"]
[Termination "DagurR won by resignation"]

1. d4 f5 2. g3 Nf6 3. Bg2 g6 4. Nf3 Bg7 5. O-O O-O 6. c4 d6 7. b4 e5 8. dxe5 dxe5 9. Bb2 Qxd1 10. Rxd1 e4 11. Nd4 Nfd7 12. Bc3 Nb6 13. Nb5 Na6 14. c5 c6 15. Bxg7 Kxg7 16. cxb6 cxb5 17. Nc3 Nxb4 18. Rab1 Nc6 19. Rxb5 a6 20. Rc5 Be6 21. f3 exf3 22.
Bxf3 Rad8 23. Bxc6 Rxd1+ 24. Nxd1 Rc8 25. Rc2 Bd7 26.
Ba4 1-0

[Event "*** Titled Tuesday 3|2 Blitz"]
[Site "Chess.com"]
[Date "2016.03.01"]
[Round "7"]
[White "KamilPlichta"]
[Black "Journey_to_GrandMaster_YT"]
[Result "1-0"]
[WhiteElo "2401"]
[BlackElo "2244"]
[TimeControl "180+2"]
[EndTime "13:03:50 PST"]
[Termination "KamilPlichta won on time"]

1. d4 Nf6 2. c4 g6 3. Nc3 Bg7 4.
e4 d6 5. f4 O-O 6. Nf3 c5 7.
d5 e6 8. Be2 exd5 9. cxd5 Bg4 10.
O-O Re8 11. h3 Bxf3 12. Bxf3 Nbd7 13. g4 h6 14. Qc2 a6 15. Be3 b5 16. Rae1 b4 17. Nd1 Nh7 18. Kg2 g5 19. e5 gxf4 20. e6 Ne5 21. Bxf4 Ng5 22. Bxe5 dxe5 23. exf7+ Nxf7 24. d6 Ra7 25. Qxc5 Qb8 26. Bd5 Rf8 27. Rxf7 Rfxf7 28. Rf1 Rd7 29. Ne3 Kf8 30. Rxf7+ Rxf7 31. d7+ Re7 32. Nf5 Bf6 33. Nxe7 Bxe7 34. Qc8+ 1-0

[Event "*** Titled Tuesday 3|2 Blitz"]
[Site "Chess.com"]
[Date "2016.03.01"]
[Round "7"]
[White "BahadirOzen"]
[Black "AndrewMcStone"]
[Result "1-0"]
[WhiteElo "2549"]
[BlackElo "1987"]
[TimeControl "180+2"]
[EndTime "13:04:11 PST"]
[Termination "BahadirOzen won by resignation"]

1. Nf3 e6 2. g3 f5 3. Bg2 Nf6 4. O-O Be7 5. d4 d6 6. c4 O-O 7. Nc3 Ne4 8. Bd2 Bf6 9. Qc2 Nxd2 10. Qxd2 e5 11. e4 Nc6 12. dxe5 dxe5 13. Qd5+ Kh8 14.
Rad1 Qe7 15. Qb5 fxe4 16. Nxe4 Nd4 17. Nxd4 exd4 18. Nxf6 Qxf6 19. Qc5 Rd8 20. Qxc7 Bg4 21. Rd2 Rac8 22. Qxb7 Rxc4 23. Qxa7 d3 24. Qe3 Be2 25. Re1 Rcd4 26. Bf1 Bxf1 27. Qe8+ Qf8 28. Qxf8+ Rxf8 29. Kxf1 Ra8 30. Red1 h6 31. a3 Rad8 32. f3 Kh7 33. Kf2 1-0

[Event "*** Titled Tuesday 3|2 Blitz"]
[Site "Chess.com"]
[Date "2016.03.01"]
[Round "7"]
[White "PowerThinking2650"]
[Black "Bentery"]
[Result "0-1"]
[WhiteElo "2146"]
[BlackElo "2309"]
[TimeControl "180+2"]
[EndTime "13:04:28 PST"]
[Termination "Bentery won by resignation"]

1. e4 e6 2. d4 d5 3. Nd2 c5 4.
Ngf3 Nc6 5. exd5 exd5 6. Bb5 Qe7+ 7. Qe2 Qxe2+ 8. Kxe2 a6 9. Bxc6+ bxc6 10. dxc5 Bxc5 11. Nb3 Bd6 12. Be3 Ne7 13. Bc5 Kd7 14. Nfd4 a5 15.
a4 Bxc5 16. Nxc5+ Kd6 17. Ndb3 Ng6 18. g3 Re8+ 19. Kd2 Ne5 20. f4 Nc4+ 21. Kc3 Re3+ 22. Nd3 Bf5 23. Rae1 Rae8 24. Rxe3 Rxe3 25. Re1 Rxe1 26.
Nxe1 Nb6 27. Nxa5 Nxa4+ 28. Kb3 Nc5+ 29. Ka3 Be4 30. b4 Ne6 31. Nd3 Nd4 32. Kb2 Nf3 33. h3 Bxd3 34. cxd3 Ng1 35. Kc3 Ne2+ 36. Kd2 Nxg3 37.
Nb7+ Kc7 38. Nc5 Kb6 39. Nd7+ Kb5 40. Ne5 f6 41. Nf3 Kxb4 42. Nd4 Kc5 43. Ne6+ Kd6 44.
Nxg7 Ke7 45. f5 c5 46. Ke3 Kf7 47. Kf4 Kxg7 48. Kxg3 Kh6 49. Kg4 c4 50. dxc4 dxc4 0-1

[Event "*** Titled Tuesday 3|2 Blitz"]
[Site "Chess.com"]
[Date "2016.03.01"]
[Round "7"]
[White "ChessTrener"]
[Black "FairChess_on_YouTube"]
[Result "1-0"]
[WhiteElo "2606"]
[BlackElo "2734"]
[TimeControl "180+2"]
[EndTime "13:04:50 PST"]
[Termination "ChessTrener won by resignation"]

1. d4 d5 2. Bf4 Nf6 3. c3 c5 4.
e3 Nc6 5. Bd3 Qb6 6. b3 Bg4 7.
Nf3 e6 8. h3 Bh5 9. O-O Be7 10.
Nbd2 Rc8 11. a3 a5 12. Qe2 O-O 13. a4 Qd8 14. Rac1 Bd6 15. Bxd6 Qxd6 16. g4 Bg6 17.
Bxg6 hxg6 18. Qb5 cxd4 19. cxd4 Rc7 20. Ne5 Nxe5 21. dxe5 Qxe5 22. Nc4 Qg5 23. Nd2 Rfc8 24. Rxc7 Rxc7 25. Nf3 Qh6 26. Qxa5 Rc2 27. Qa8+ Kh7 28.
Qxb7 Ne4 29. Qxf7 Qxh3 30. Qf4 Kg8 31. Ng5 Nxg5 32. Qxg5 Rb2 33. Qxg6 Rxb3 34. Rc1 Rb8 35. Qxe6+ Kh8 36. Rc8+ Rxc8 37. Qxc8+ Kh7 38. Qf5+ Kg8 39. Qxd5+ Kf8 40. Qd8+ Kf7 41. Qd7+ Kf8 42. Qf5+ Kg8 43. a5 Qh6 44. Qc8+ Kh7 45. Qf5+ Kg8 46. Kg2 Qc6+ 47. e4 g6 48. Qd5+ 1-0

[Event "*** Titled Tuesday 3|2 Blitz"]
[Site "Chess.com"]
[Date "2016.03.01"]
[Round "7"]
[White "Dlugy"]
[Black "AndreyOstrovskiy"]
[Result "1/2-1/2"]
[WhiteElo "2593"]
[BlackElo "2483"]
[TimeControl "180+2"]
[EndTime "13:04:57 PST"]
[Termination "Game drawn by repetition"]

1. d4 Nf6 2. Bf4 d5 3. e3 e6 4. Nd2 Bd6 5. Bg3 O-O 6. Ngf3 b6 7. c3 Ba6 8. Bxa6 Nxa6 9. O-O c5 10. Qe2 Nc7 11. e4 Bxg3 12. hxg3 dxe4 13. Nxe4 Nxe4 14. Qxe4 cxd4 15. Nxd4 Qd5 16. Qxd5 Nxd5 17. c4 Ne7 18. Rfd1 Rac8 19. b3 a6 20. Rd2 Nc6 21. Rad1 h6 22. Nxc6 Rxc6 23. Rd6 Rfc8 24. Rxc6 Rxc6 25. Rd8+ Kh7 26.
Rb8 Kg6 27. f3 Rd6 28. Kf1 h5 29. Ke2 Kf5 30. Rb7 Kf6 31. Ra7 a5 32. Rc7 g5 33. c5 bxc5 34. Rxc5 a4 35. b4 a3 36. Rc3 Rb6 37. Rb3 h4 38. gxh4 gxh4 39. Kd3 Kf5 40.
Kc4 Rc6+ 41. Kd3 Rc1 42. Rxa3 Rg1 43. Ra8 Rxg2 44. a4 h3 45. Rh8 h2 46. a5 Kf4 47. a6 Kg3 48. b5 Ra2 49. Kc4 e5 50. Kd5 Ra5 51. Kc6 f5 52. Kb6 Ra1 53. a7 e4 54.
fxe4 fxe4 55. Kb7 e3 56. a8=Q Rxa8 57. Kxa8 e2 58. Rg8+ Kf4 59. Rf8+ Kg3 60. Rg8+ Kf4 61. Rf8+ Kg3 62. Rg8+ 1/2-1/2

[Event "*** Titled Tuesday 3|2 Blitz"]
[Site "Chess.com"]
[Date "2016.03.01"]
[Round "7"]
[White "MateusViageiro"]
[Black "Aygehovit1992"]
[Result "0-1"]
[WhiteElo "2232"]
[BlackElo "2417"]
[TimeControl "180+2"]
[EndTime "13:05:04 PST"]
[Termination "Aygehovit1992 won by checkmate"]

1. e4 c5 2. Nf3 d6 3. d4 cxd4 4. Nxd4 Nf6 5. Nc3 g6 6. Be3 Bg7 7. f3 O-O 8. Qd2 Nc6 9. Bc4 Bd7 10.
O-O-O Ne5 11. Bb3 Rc8 12. h4 h5 13. g4 hxg4 14. h5 Nxh5 15. Rxh5 gxh5 16. Bh6 e6 17. fxg4 Nxg4 18. Bxg7 Kxg7 19. Rg1 Rc5 20. Kb1 Qg5 21. Qd1 Rh8 22. Nf3 Qf4 23. e5 Bc6 24. Qxd6 Rxc3 25.
bxc3 Bxf3 26. Rf1 Qxe5 27. Qb4 Bd5 28. Qe7 Rf8 29. c4 Bg2 30. Rg1 Be4 31. Qh4 Bg6 32. Re1 Qf6 33. Qh1 Rd8 34. Rf1 Qc3 35. Rf3 Qd2 36. Kb2 Rd3 37. Rxd3 Bxd3 38. Qxh5 Bf5 39. Qh4 Qd4+ 40. Ka3 a5 41. Qg3 b6 42. Qg2 e5 43. Qf3 Qc5+ 44. Kb2 e4 45. Qf4 e3 46. Qg5+ Bg6 47. Qxg4 Qe5+ 48. c3 e2 49. c5 e1=Q 50.
cxb6 Q1xc3+ 51. Ka3 Qec5+ 52. Ka4 Q3b4+ 53. Qxb4 Qxb4# 0-1

[Event "*** Titled Tuesday 3|2 Blitz"]
[Site "Chess.com"]
[Date "2016.03.01"]
[Round "7"]
[White "Danirod"]
[Black "punkmonkZ"]
[Result "1-0"]
[WhiteElo "2410"]
[BlackElo "1972"]
[TimeControl "180+2"]
[EndTime "13:05:15 PST"]
[Termination "Danirod won by resignation"]

1. e4 g6 2. d4 Bg7 3. Nc3 c6 4. Nf3 d5 5. Be2 Bg4 6. O-O Nf6 7. e5 Nfd7 8. Ng5 Bxe2 9. Qxe2 e6 10. Qg4 Qe7 11.
Ne2 h6 12. Nf3 c5 13. c3 Nc6 14. b3 cxd4 15. cxd4 O-O-O 16. a4 f5 17. Qxg6 Rdg8 18. Ba3 Qe8 19. Nf4 Ndxe5 20. Qxe8+ Rxe8 21. dxe5 Nxe5 22.
Rac1+ Kd7 23. Nxe5+ Bxe5 24. Ng6 Bf6 25. Nxh8 Bxh8 26. Rc2 e5 27. Rfc1 d4 28. f3 e4 29.
Rc7+ Ke6 30. Rc8 Rxc8 31. Rxc8 Be5 32. Re8+ Kd5 33. Bb2 Bc7 34. Kf1 d3 35. g4 exf3 36.
Bc3 fxg4 37. Rg8 h5 38. Rg5+ Ke4 39. Rxh5 Bf4 40. Rh7 d2 41. Rd7 Bxh2 42. Rd4+ Kf5 43. Bxd2 g3 44. Rf4+ Ke5 45. Rxf3 1-0

[Event "*** Titled Tuesday 3|2 Blitz"]
[Site "Chess.com"]
[Date "2016.03.01"]
[Round "7"]
[White "viditchess"]
[Black "MinhGTrAn"]
[Result "0-1"]
[WhiteElo "2473"]
[BlackElo "2660"]
[TimeControl "180+2"]
[EndTime "13:05:30 PST"]
[Termination "MinhGTrAn won by resignation"]

1. d4 Nf6 2. c4 e6 3. Nf3 b6 4.
g3 Bb7 5. Bg2 Be7 6. O-O O-O 7.
Nc3 Ne4 8. Bd2 Nxc3 9. Bxc3 Be4 10.
d5 Bf6 11. Rc1 a5 12. Re1 Na6 13. Bh3 Nc5 14. Nd4 Bg5 15. Bd2 Bf6 16. Bc3 Bg5 17.
Bd2 Bxd2 18. Qxd2 e5 19. Nb5 d6 20. b3 Bg6 21. Qb2 f5 22. a3 f4 23. Nc3 Qf6 24. Rf1 f3 25. b4 fxe2 26. Qxe2 axb4 27. axb4 Bd3 28. Qe3 Bxf1 29. Rxf1 Nb3 30. Ne4 Qf3 31. Be6+ Kh8 32. Qxf3 Rxf3 33. Ng5 Rf6 34. Nf7+ Kg8 35. Ng5+ Kh8 36. Nf7+ Rxf7 37. Bxf7 g6 38. Rb1 Nd2 39. Rc1 Ra4 40. c5 Rxb4 41. cxd6 cxd6 42. Rc8+ Kg7 43.
Be6 e4 44. Rc7+ Kf6 45. Rxh7 Nf3+ 46. Kg2 Rb1 47. h4 b5 48. Rf7+ Ke5 49. Rg7 b4 50. Rxg6 b3 51. Bg4 Rg1+ 52. Kh3 Rh1+ 53. Kg2 Rh2+ 54.
Kf1 b2 55. Re6+ Kxd5 0-1